 Dungeon Crawl Stone Soup version 0.28.0-43-g3370ac3207 (webtiles) character file.

Game seed: 6863068238084261840

2594 tizbic2 the Slicer (level 9, 0/64 HPs)
             Began as a Ghoul Artificer on Mar 6, 2022.
             Was an Elder of Cheibriados.
             Slain by Harold
             ... wielding a +1 mace of holy wrath
              (12 damage)
             ... on level 7 of the Dungeon.
             The game lasted 00:29:27 (7093 turns).

tizbic2 the Slicer (Ghoul Artificer)                Turns: 7093, Time: 00:29:28

Health: 0/64       AC: 17    Str: 28    XL:     9   Next: 58%
Magic:  8/8        EV:  9    Int: 18    God:    Cheibriados [****..]
Gold:   85         SH:  5    Dex: 21    Spells: 8/8 levels left

rFire   . . .      SeeInvis .   a - +6 dagger of Trog's Favour {flame, Fly Str+2}
rCold   + . .      Faith    .   (no shield)
rNeg    + + +      Spirit   .   s - +0 chain mail
rPois   ∞          Reflect  +   q - +2 helmet
rElec   .          Harm     .   i - +2 cloak {Will+}
rCorr   .          Rampage  .   v - +1 pair of gloves
Will    +....                   (no boots)
Stlth   ..........              f - amulet of reflection
HPRegen 0.00/turn               (no ring)
MPRegen 0.11/turn               (no ring)

@: flying, inhibited regen, very slow
A: claws 1, cold resistance 1, negative energy resistance 3, inhibited
regeneration, torment resistance 2
a: Renounce Religion, Bend Time, Temporal Distortion, Slouch


You were on level 7 of the Dungeon.
You worshipped Cheibriados.
Cheibriados was greatly pleased with you.
You visited 1 branch of the dungeon, and saw 7 of its levels.

You collected 326 gold pieces.
You spent 241 gold pieces at shops.

Inventory:

Hand Weapons
 a - the +6 dagger of Trog's Favour (weapon) {flame, Fly Str+2}
   (You bought it in a shop on level 1 of the Dungeon)

   It burns those it strikes, dealing additional fire damage.
   Str:       It affects your strength (+2).
   Fly:       It grants you flight.
 w - a +2 shortbow
Missiles
 j - 10 curare-tipped darts
 k - 99 stones
 m - 4 boomerangs (quivered)
 z - 78 arrows
Armour
 i - a +2 cloak of willpower (worn)
 q - a +2 helmet (worn)
 s - a +0 chain mail (worn)
 v - a +1 pair of gloves (worn)
Jewellery
 f - an amulet of reflection (around neck)
Wands
 c - a wand of flame (21)
 d - a wand of charming (15)
 A - a wand of digging (8)
Scrolls
 g - a scroll of blinking
 r - 3 scrolls of noise {unknown}
 B - a scroll of identify
 C - a scroll of teleportation {unknown}
Potions
 b - a potion of mutation {unknown}
 h - a potion of magic {unknown}
 l - 2 potions of curing
 n - a potion of brilliance {unknown}
 o - 3 potions of heal wounds {unknown}
 p - 3 potions of degeneration {unknown}
 t - 6 potions of might {unknown}
 u - a potion of ambrosia {unknown}
 x - a potion of haste {unknown}
 y - 2 potions of lignification {unknown}
Miscellaneous
 e - a piece from Xom's chessboard (15/15)


   Skills:
 - Level 1.1 Fighting
 - Level 9.1 Short Blades
 - Level 3.1 Staves
 * Level 5.0 Bows
 - Level 1.1 Crossbows
 - Level 2.9 Armour
 - Level 0.8 Dodging
 - Level 1.1 Stealth
 - Level 3.5 Evocations


You had 8 spell levels left.
You didn't know any spells.
Your spell library was empty.

Dungeon Overview and Level Annotations

Branches:
Dungeon (7/15)             Temple (0/1) D:7

Altars:
Cheibriados
Hepliaklqana
Vehumet
Xom
Yredelemnul
Zin
Beogh

Shops:
D:1 (

Annotations:
D:7 2 transporters, Harold


Innate Abilities, Weirdness & Mutations

You thrive by killing the living.
You are immune to poison.
You have sharp fingernails.
Your flesh is cold resistant. (rC+)
You are immune to negative energy. (rN+++)
You do not regenerate when monsters are visible.
You are immune to unholy pain and torment.


Message History

You convulse.
You hit Harold but do no damage.
Harold is lightly wounded.
You hit Harold. You burn Harold.
Harold is lightly wounded.
Harold hits you with a +1 mace of holy wrath!
You convulse.
You hit Harold. You burn Harold.
Harold is moderately wounded.
You barely miss Harold.
Harold is moderately wounded.
Harold hits you but does no damage.
You hit Harold. You burn Harold.
Harold is moderately wounded.
Harold says, "I was hoping my final job would be more of a challenge, but money is money."
Harold hits you but does no damage.
You closely miss Harold.
Harold is moderately wounded.
You hit Harold. You burn Harold.
Harold is moderately wounded.
Harold hits you but does no damage.
You completely miss Harold.
Harold is moderately wounded.
You hit Harold but do no damage.
Harold is moderately wounded.
You block Harold's attack.
It was a potion of curing.
You feel better.
Harold hits you with a +1 mace of holy wrath!
You convulse!
You hit Harold but do no damage.
Harold is moderately wounded.
You hit Harold. You burn Harold.
Harold is moderately wounded.
Harold completely misses you.
You barely miss Harold.
Harold is moderately wounded.
Harold hits you with a +1 mace of holy wrath!
* * * LOW HITPOINT WARNING * * *
You convulse!
You die...

## ##.##.##.##....
###.........#..?.....>.
#........).............
##.#..⌠.)))..#.........#
#..#..)...)..#.........#
#...)..>....!.........#
###........)#........#
###..⌠...⌠..#...!....#
#..............@@....#
#..#.........#........#
...##.##.##.##.......!#
.. ...............###...
...............###. ##
..............# /#
.)...........#.. ##
.............#


You could see Harold.

Vanquished Creatures
  Pikel (D:6)
  A water moccasin (D:6)
  4 sky beasts
  A black bear (D:4)
  An ice beast (D:5)
  A centaur (D:6)
  2 ogres (D:5)
  Blork the orc (D:5)
  A phantom (D:5)
  A wyvern zombie (D:5)
  3 scorpions
  4 wights (D:6)
  3 hounds
  2 bullfrog skeletons (D:4)
  Crazy Yiuf (D:6)
  5 orc priests
  A jelly (D:4)
  An iguana (D:5)
  4 orc wizards
  A hound zombie (D:5)
  A hound skeleton (D:4)
  A howler monkey zombie (D:7)
  3 gnolls (D:5)
  A howler monkey skeleton (D:4)
  4 adders
  A shadow imp (D:6)
  An adder zombie (D:5)
  2 worms (D:2)
  15 orcs
  9 endoplasms
  5 giant cockroaches
  6 goblins
  4 hobgoblins
  4 quokkas
  2 ball pythons
  6 bats
  4 frilled lizards
  6 kobolds
  7 rats
121 creatures vanquished.

Vanquished Creatures (others)
  2 fungi (D:6)
  2 plants (D:3)
4 creatures vanquished.

Grand Total: 125 creatures vanquished

Notes
Turn   | Place    | Note
-------+----------+-------------------------------------------
     0 | D:1      | tizbic2 the Ghoul Artificer began the quest for the Orb.
     0 | D:1      | Reached XP level 1. HP: 16/16 MP: 0/0
   100 | D:1      | Found Qorrint's Antique Weapon Shop.
   204 | D:1      | Reached skill level 1 in Staves
   213 | D:1      | Reached XP level 2. HP: 20/23 MP: 1/1
   956 | D:1      | Reached XP level 3. HP: 27/28 MP: 2/2
  1253 | D:1      | Found a faded altar of an unknown god.
  1257 | D:1      | Prayed at the altar of an unknown god.
  1257 | D:1      | Became a worshipper of Cheibriados the Contemplative
  1257 | D:1      | Reached * piety under Cheibriados
  1287 | D:2      | Found a shimmering altar of Xom.
  2494 | D:3      | Reached XP level 4. HP: 32/35 MP: 3/3
  2547 | D:3      | Found a hazy altar of Hepliaklqana.
  2550 | D:3      | Found a shimmering altar of Xom.
  2560 | D:3      | Found a radiant altar of Vehumet.
  2676 | D:3      | Reached ** piety under Cheibriados
  3083 | D:1      | Bought a scorched dagger for 147 gold pieces
  3083 | D:1      | Identified the +6 dagger of Trog's Favour {flame, Fly
                  | Str+2} (You bought it in a shop on level 1 of the Dungeon)
  3361 | D:3      | You are sucked into a shaft and drop 1 floor!
  3378 | D:4      | Reached skill level 1 in Short Blades
  3378 | D:4      | Reached XP level 5. HP: 30/40 MP: 4/4
  3692 | D:4      | Reached skill level 2 in Short Blades
  3780 | D:4      | Reached XP level 6. HP: 42/47 MP: 5/5
  3829 | D:4      | Reached skill level 3 in Short Blades
  4012 | D:4      | Noticed a black bear
  4022 | D:4      | Killed a black bear
  4023 | D:4      | Reached skill level 4 in Short Blades
  4246 | D:5      | Entered Level 5 of the Dungeon
  4246 | D:5      | Noticed an ice beast
  4260 | D:5      | Killed an ice beast
  4261 | D:5      | Reached XP level 7. HP: 52/52 MP: 6/6
  4269 | D:5      | Reached skill level 5 in Short Blades
  4392 | D:5      | Reached *** piety under Cheibriados
  4393 | D:5      | Reached skill level 6 in Short Blades
  4738 | D:5      | Reached XP level 8. HP: 59/59 MP: 7/7
  4777 | D:5      | Reached skill level 7 in Short Blades
  4787 | D:5      | Found a basalt altar of Yredelemnul.
  4836 | D:5      | Noticed Blork the orc
  4842 | D:5      | Killed Blork the orc
  4876 | D:5      | Reached skill level 8 in Short Blades
  5073 | D:1      | Bought an arbalest for 94 gold pieces
  5255 | D:6      | Reached skill level 1 in Crossbows
  5367 | D:6      | Reached XP level 9. HP: 21/64 MP: 8/8
  5372 | D:6      | Reached skill level 9 in Short Blades
  6123 | D:5      | Reached skill level 1 in Bows
  6305 | D:6      | Found a runed translucent door.
  6306 | D:6      | Noticed Crazy Yiuf
  6314 | D:6      | Killed Crazy Yiuf
  6396 | D:6      | Noticed Pikel
  6411 | D:6      | Killed Pikel
  6443 | D:6      | Reached **** piety under Cheibriados
  6972 | D:7      | Found a transporter.
  6977 | D:7      | Found a transporter.
  6998 | D:7      | Found a staircase to the Ecumenical Temple.
  7035 | D:7      | Reached skill level 5 in Bows
  7079 | D:7      | Noticed Harold
  7093 | D:7      | Slain by Harold

Illustrated notes

Levels and vault maps discovered:
D:1:      onia_arrival_handbag, layout_loops_corners, serial_shops,
          nicolae_shop_statue_plus, shapermc_ecumenical_altar_petra
D:2:      layout_basic, basic_altar, skrybe_limestone_x
D:3:      layout_basic, grunt_temple_overflow_open, chequers_decorated_corner,
          small_statue_alley_b, chequers_big_river
D:4:      layout_cave_pods
D:5:      layout_rooms, lemuel_zombie_altar_yredelemnul, uniq_blork_the_orc
D:6:      layout_loops_ring, uniq_crazy_yiuf_cottage, uniq_pikel
D:7:      gammafunk_beogh_shrine, layout_rooms, minmay_temple_entry_large_hall,
          uniq_harold

Skill      XL: |  1  2  3  4  5  6  7  8  9 |
---------------+----------------------------+-----
Staves         | 1 2 3 |  3.1
Evocations     | 3 |  3.5
Short Blades   | 1 2 4 6 8 9 |  9.1
Crossbows      | 1 |  1.1
Armour         | 2 |  2.9
Bows           | 5 |  5.0
Fighting       | |  1.1
Dodging        | |  0.8
Stealth        | |  1.1

Action                   |  1- 3 |  4- 6 |  7- 9 || total
-------------------------+-------+-------+-------++-------
Melee: Club              |    54 |       |       ||    54
       Dagger            |   176 |   117 |   239 ||   532
       Punch             |     2 |     4 |     2 ||     8
       Shortbow          |       |       |    12 ||    12
 Fire: Shortbow          |       |       |    21 ||    21
Throw: Boomerang         |     2 |       |       ||     2
  Use: Scroll            |     2 |     3 |     5 ||    10
       Potion            |       |       |     1 ||     1
 Stab: Sleeping          |     1 |       |       ||     1
Armor: Leather armour    |    29 |       |       ||    29
       Ring mail         |    69 |     9 |       ||    78
       Chain mail        |       |    50 |    95 ||   145
Dodge: Dodged            |    98 |    28 |    46 ||   172
Block: Other             |    53 |    31 |    32 ||   116
       Reflection        |       |       |     2 ||     2
